 Dungeon Crawl Stone Soup version 0.28-a0-241-gfbb0926a3a (console) character file.

Game seed: 16814188498320030776

262 FIQ the Magician (level 6, -10/40 HPs)
             Began as a Djinni Fire Elementalist on Aug 24, 2021.
             Was an Initiate of Makhleb.
             Killed by divine providence
             ... invoked by an orc priest
              (11 damage)
             ... on level 6 of the Dungeon.
             The game lasted 00:01:52 (1325 turns).

FIQ the Magician (Djinni Fire Elementalist)         Turns: 1325, Time: 00:01:52

Health: -10/40     AC:  2    Str:  7    XL:     6   Next: 42%
Gold:   41         EV: 12    Int: 18    God:    Makhleb [......] SH:  0 Dex: 14

rFire   + + .      SeeInvis .   (no weapon)
rCold   x . .      Faith    .   (no shield)
rNeg    . . .      Spirit   .   a - +0 robe
rPois   ∞          Reflect  .   (no helmet)
rElec   .          Harm     .   (no cloak)
rCorr   .          Rampage  .   (no gloves)
Will    .....                   (boots unavailable)
Stlth   ++........              (no amulet)
HPRegen 0.13/turn               (no ring)
MPRegen 0.00/turn               (no ring)

@: flying
A: sickness immunity, fire resistance 2, cold vulnerability 1, float, innate
caster, hp casting, extra vitality 1
a: Renounce Religion


You were on level 6 of the Dungeon.
You worshipped Makhleb.
Makhleb was noncommittal.
You visited 1 branch of the dungeon, and saw 6 of its levels.

You collected 41 gold pieces.

Inventory:

Hand Weapons
 f - a +0 whip
Armour
 a - a +0 robe (worn)
 g - a +0 robe
Jewellery
 e - an amulet of magic regeneration
Wands
 b - a wand of polymorph (9)
Scrolls
 d - 2 scrolls of identify
Potions
 c - a potion of flight


   Skills:
 - Level 2.1 Dodging
 - Level 1.5 Stealth
 + Level 5.2 Spellcasting


You couldn't memorise any spells.
You knew the following spells:

 Your Spells              Type           Power      Damage    Failure   Level
a - Foxfire               Conj/Fire      92%        2x1d8     1%          1
b - Conjure Flame         Conj/Fire      23%        6-21      4%          3
c - Inner Flame           Hex/Fire       23%        N/A       4%          3
d - Sticky Flame          Conj/Fire      23%        2d4       16%         4
e - Fireball              Conj/Fire      11%        3d7       38%         5
f - Apportation           Tloc           46%        N/A       1%          1
g - Passwall              Tmut/Erth      19%        N/A       2%          2
Your spell library was empty.

Dungeon Overview and Level Annotations

Branches:
Dungeon (6/15)
 Temple: D:4-7

Altars:
Makhleb

Annotations:
D:6 Edmund


Innate Abilities, Weirdness & Mutations

You are immune to sickness and miasma.
You are immune to poison.
Your flesh is very heat resistant. (rF++)
You are vulnerable to cold. (rC-)
You float through the air rather than walking.
You learn spells naturally, not from books.
Your magical power is your life essence.
You have superior vitality. (+4 HP)


Message History

Edmund hits you with a +3 flail of holy wrath.
Casting: Foxfire (safe; 1% risk of failure)
Confirm with . or Enter, or press ? or * to list all spells.
You conjure some foxfire!
The foxfire hits the orc.
You kill the orc!
Makhleb accepts your kill.
The foxfire hits Edmund.
Edmund is moderately wounded.
Edmund closely misses you. The orc priest hits you with a +0 club.
Casting: Foxfire (safe; 1% risk of failure)
Confirm with . or Enter, or press ? or * to list all spells.
You conjure some foxfire!
The foxfire hits Edmund but does no damage.
Edmund is moderately wounded.
The foxfire hits Edmund.
Edmund is moderately wounded.
Edmund barely misses you.
The orc priest looks encouraged for a moment.
Casting: Foxfire (safe; 1% risk of failure)
Confirm with . or Enter, or press ? or * to list all spells.
You conjure some foxfire!
The foxfire hits Edmund.
Edmund is heavily wounded.
The foxfire hits Edmund.
Edmund is heavily wounded.
Edmund hits you with a +3 flail of holy wrath!
* * * LOW HITPOINT WARNING * * *
The orc priest barely misses you.
Casting: Foxfire (safe; 1% risk of failure)
Confirm with . or Enter, or press ? or * to list all spells.
You conjure some foxfire!
* * * LOW HITPOINT WARNING * * *
The foxfire hits Edmund but does no damage.
Edmund is heavily wounded.
The foxfire hits Edmund but does no damage.
Edmund is heavily wounded.
Edmund hits you with a +3 flail of holy wrath!
* * * LOW HITPOINT WARNING * * *
The orc priest calls down the wrath of Beogh upon you.
Beogh smites you!
You die...

####.# #..#.# #..#.#
##### #.<#.#####...##
##.#.#.##.$........###
............)§†.......#
###.#.##.#....##....#..
#. ..#§##.##v§..#
#.######'##...@5..#
#.....)...###v@o..# #
########...#
#....)##.(###
.......[...+
+.....))....+
#######....#
#.....###5.## #....#
#.....# # #...##
###.#.. #...# #.####
#...# #.#


You could see Edmund (ally target), an orc priest and a shadow imp (ally
target).

Vanquished Creatures
  An ogre (D:5)
  A scorpion (D:6)
  A howler monkey (D:3)
  An orc wizard (D:6)
  3 adders
  5 orcs (D:6)
  2 ball pythons
  An endoplasm (D:3)
  2 giant cockroaches (D:2)
  A goblin (D:1)
  A hobgoblin (D:1)
  A kobold (D:3)
  4 quokkas
  A bat (D:2)
  A frilled lizard (D:3)
  A rat (D:1)
27 creatures vanquished.

Vanquished Creatures (others)
  132 foxfires
132 creatures vanquished.

Grand Total: 159 creatures vanquished

Notes
Turn   | Place    | Note
-------+----------+-------------------------------------------
     0 | D:1      | FIQ the Djinni Fire Elementalist began the quest for the
                  | Orb.
     0 | D:1      | Reached XP level 1. HP: 15/15 MP: 0/0
   152 | D:1      | Reached XP level 2. HP: 14/21 MP: 0/0
   273 | D:2      | Reached skill level 3 in Spellcasting
   485 | D:3      | Noticed a howler monkey
   491 | D:3      | Killed a howler monkey
   492 | D:3      | Reached XP level 3. HP: 18/25 MP: 0/0
   492 | D:3      | Learned a level 1 spell: Apportation
   492 | D:3      | Reached XP level 4. HP: 23/31 MP: 0/0
   887 | D:5      | Entered Level 5 of the Dungeon
   928 | D:5      | Noticed an ogre
   935 | D:5      | Killed an ogre
   936 | D:5      | Reached skill level 4 in Spellcasting
   936 | D:5      | Reached XP level 5. HP: 30/35 MP: 0/0
   936 | D:5      | Learned a level 2 spell: Passwall
  1062 | D:5      | Found a burning altar of Makhleb.
  1081 | D:5      | Became a worshipper of Makhleb the Destroyer
  1125 | D:6      | Reached XP level 6. HP: 36/40 MP: 0/0
  1171 | D:6      | Reached skill level 5 in Spellcasting
  1312 | D:6      | Noticed Edmund
  1325 | D:6      | HP: 1/40 [Edmund (8)]
  1325 | D:6      | Killed from afar by an orc priest

Illustrated notes

Levels and vault maps discovered:
D:1:      ncdulo_smallfort, layout_basic,
          dreamdust_ecumenical_altar_drowned_temple, serial_shops, shop,
          minmay_misc_feat_columns
D:2:      layout_rooms
D:3:      layout_loops_ring, grunt_ministairs_14, columned_hall_lemuel
D:4:      cheibrodos_old_hovel, layout_cave_pods, mainiacjoe_overflow_alcove_1,
          temple_pool_b
D:5:      layout_basic, ashenzari_altar_1, bloody_makhleb,
          okawaru_metal_pillars_3, serial_shops, nicolae_shop_trees,
          sword_in_stone
D:6:      minmay_clustersquares, layout_basic,
          lemuel_mausoleum_altar_yredelemnul,
          mainiacjoe_overflow_small_starburst, enter_ossuary_5,
          portal_sewer_entry_e, uniq_eustachio, uniq_prince_ribbit1, uniq_edmund

Skill      XL: |  1  2  3  4  5  6 |
---------------+-------------------+-----
Spellcasting   | 3 4 5 |  5.2
Dodging        | |  2.1
Stealth        | |  1.5

Action                   |  1- 3 |  4- 6 || total
-------------------------+-------+-------++-------
Melee: Unarmed           |     1 |     2 ||     3
 Cast: Foxfire           |    24 |    53 ||    77
  Use: Scroll            |       |     2 ||     2
Armor: Robe              |     1 |     1 ||     2
Dodge: Dodged            |     9 |    11 ||    20

Table legend: (Time is in decaauts)
 A = Elapsed time spent in this place.
 B = Non-inter-level travel time spent in this place.
 C = Inter-level travel time spent in this place.
 D = Time resting spent in this place.
 E = Time spent auto-exploring this place.
 F = Levels seen in this place.
 G = Mean time per level.
                   A        B        C        D        E       F      G
               +--------+--------+--------+--------+--------+-----+--------+
         Total |   1323 |   1323 |      0 |      0 |   1100 |   6 |  220.5 |
       Dungeon |   1323 |   1323 |      0 |      0 |   1100 |   6 |  220.5 |
               +--------+--------+--------+--------+--------+-----+--------+

Top non-repeatable levels by time:
     D:3: 444 daAuts
     D:1: 262 daAuts
     D:6: 230 daAuts
     D:5: 206 daAuts
     D:2: 171 daAuts
     D:4: 7 daAuts
